 Dungeon Crawl Stone Soup version 0.29-a0-1006-g0dd7720b37 (webtiles) character file.

Game seed: 13783406965277388782

595214 Pooter the Warrior (level 26, -1/242 HPs)
             Began as a Minotaur Fighter on Aug 3, 2022.
             Was a High Priest of Okawaru.
             Slain by a tentacled starspawn (8 damage)
             ... while paralysed by a floating eye
             ... on level 10 of a ziggurat on Aug 7, 2022.
             The game lasted 08:13:23 (73438 turns).

Pooter the Warrior (Minotaur Fighter)              Turns: 73438, Time: 08:13:24

Health: -1/242     AC: 30    Str: 39    XL:     26   Next: 79%
Magic:  3/34       EV:  2    Int: 12    God:    Okawaru [*****.]
Gold:   3167       SH:  0    Dex: 21    Spells: 21/41 levels left

rFire   + . .      SeeInvis +   a - +9 broad axe (flame)
rCold   + . .      Faith    .   c - +5 tower shield "Keacwifef" {rF- rCorr Int+7}
rNeg    . . .      Spirit   .   v - +5 plate armour {Will+}
rPois   .          Reflect  +   r - +0 hat of Parts Unknown {Rampage rElec Regen+}
rElec   +          Harm     +   d - scarf {rC+ rF+}
rCorr   +          Rampage  +   z - +2 pair of gloves {Str+3}
Will    ++...                   L - +1 pair of boots of Gaor {Harm Regen+ Str-5 Dex+6}
Stlth   ++........              Z - amulet of Lace Fext {Reflect rElec SH+5 SInv}
HPRegen 0.00/turn               x - +6 ring of strength
MPRegen 0.24/turn               n - ring "Ganut" {+Blink rF+ Str+6 Dex+3 Slay+3}

@: paralysed, lethally poisoned (-1 -> -5), heroic, attractive, sick, studying
Summonings, invisible
A: horns 2, retaliatory headbutt, talons 1, shaggy fur 1, weak 1
}: 2/15 runes: decaying, gossamer
a: Renounce Religion, Evoke Blink, Heroism, Finesse, Duel


You were on level 10 of a ziggurat.
You worshipped Okawaru.
Okawaru was extremely pleased with you.
You visited 11 branches of the dungeon, and saw 44 of its levels.
You visited the Abyss 1 time.
You visited 1 ziggurat, and saw 10 of its levels.

You collected 6550 gold pieces.
You spent 3383 gold pieces at shops.

Inventory:

Hand Weapons
 a - a +9 broad axe of flaming (weapon)
   (You took it off a hell knight on level 1 of the Vaults)
 b - a +7 sling of electrocution
   (You took it off Joseph on level 7 of the Dungeon)
 K - the +10 morningstar "Eos" {elec, Halo rElec}
   (You took it off a deep elf pyromancer on level 15 of the Dungeon)

   It occasionally discharges a powerful burst of electricity upon striking a
   foe.
   It grants its wielder a halo, revealing invisible creatures and increasing
   accuracy against all within it other than the wielder.
   rElec:     It insulates you from electricity.
 W - the +6 broad axe of Karma {vorpal, *Noise rElec rC- Dex+8}
   (Okawaru gifted it to you on level 11 of the Dungeon)

   It inflicts extra damage upon your enemies.
   Dex:       It affects your dexterity (+8).
   rC:        It makes you vulnerable to cold.
   rElec:     It insulates you from electricity.
   *Noise:    It may make noises in combat.
Missiles
 g - 41 boomerangs
 k - 14 datura-tipped darts
 m - 19 silver javelins (quivered)
 q - 16 curare-tipped darts
 y - 33 javelins
 Y - 7 silver boomerangs
Armour
 c - the +5 tower shield "Keacwifef" (worn) {rF- rCorr Int+7}
   (Okawaru gifted it to you on level 2 of the Swamp)

   Int:       It affects your intelligence (+7).
   rF:        It makes you vulnerable to fire.
   rCorr:     It protects you from acid and corrosion.
 d - a scarf of resistance (worn)
   (Okawaru gifted it to you on level 4 of the Lair of Beasts)
 r - the +0 hat of Parts Unknown (worn) {Rampage rElec Regen+}
   (Okawaru gifted it to you on level 1 of the Vaults)

   rElec:     It insulates you from electricity.
   Regen:     It increases your rate of health regeneration.
   Rampage:   It bestows one free step when moving towards enemies.
 v - a +5 plate armour of willpower (worn)
   (You took it off an orc warrior on level 2 of the Orcish Mines)
 z - a +2 pair of gloves of strength (worn)
   (You bought it in a shop on level 13 of the Dungeon)
 J - a +2 pair of boots of flying
   (You found it on level 3 of the Elven Halls)
 L - the +1 pair of boots of Gaor (worn) {Harm Regen+ Str-5 Dex+6}
   (You found it on level 4 of the Swamp)

   Str:       It affects your strength (-5).
   Dex:       It affects your dexterity (+6).
   Regen:     It increases your rate of health regeneration.
   Harm:      It increases damage dealt and taken.
Jewellery
 n - the ring "Ganut" (right hand) {+Blink rF+ Str+6 Dex+3 Slay+3}
   (You found it on level 14 of the Dungeon)

   [ring of strength]

   Str:       It affects your strength (+6).
   Dex:       It affects your dexterity (+3).
   Slay:      It affects your accuracy & damage with ranged weapons and melee
   (+3).
   rF:        It protects you from fire.
   +Blink:    It lets you blink.
 x - a +6 ring of strength (left hand)
   (You found it on level 3 of the Vaults)
 C - a ring of resist corrosion
   (You found it on level 11 of the Dungeon)
 E - the amulet of the Four Winds {rN+ Will+++ Clar}
   (You found it on level 3 of the Dungeon)

   [amulet of nothing]

   rN:        It protects you from negative energy.
   Clar:      It protects you against confusion.
   Will:      It greatly increases your willpower.
 F - the ring of Knowledge {+Blink rF+ rN+}
   (You bought it in a shop on level 6 of the Dungeon)

   [ring of positive energy]

   rF:        It protects you from fire.
   rN:        It protects you from negative energy.
   +Blink:    It lets you blink.
 I - a ring of protection from cold
   (You took it off a tengu conjurer on level 2 of the Depths)
 P - a ring of poison resistance
   (You found it on level 11 of the Dungeon)
 Q - a ring of flight
   (You found it on level 4 of the Swamp)
 Z - the amulet of Lace Fext (around neck) {Reflect rElec SH+5 SInv}
   (You bought it in a shop on level 1 of the Orcish Mines)

   [amulet of reflection]

   It reflects blocked missile attacks.
   rElec:     It insulates you from electricity.
   SInv:      It lets you see invisible.
   SH:        It affects your SH (+5).
Wands
 f - a wand of flame (11)
   (You found it on level 13 of the Dungeon)
 u - a wand of paralysis (19)
   (You found it on level 6 of the Dungeon)
 D - a wand of digging (6)
   (You took it off Erica on level 8 of the Dungeon)
 O - a wand of mindburst (27)
   (You found it on level 3 of the Lair of Beasts)
 S - a wand of polymorph (17)
   (You found it on level 5 of the Lair of Beasts)
 U - a wand of light (38)
   (You found it on level 1 of the Lair of Beasts)
 V - a wand of roots (25)
   (You found it on level 8 of the Dungeon)
Scrolls
 i - 5 scrolls of fear
 p - 9 scrolls of magic mapping
 s - 2 scrolls of poison {!r}
 t - 20 scrolls of teleportation {@r4}
 w - 6 scrolls of blinking
 H - 5 scrolls of silence
 T - 9 scrolls of immolation {!r}
Potions
 e - 23 potions of curing {@q1}
 j - 6 potions of cancellation
 l - 2 potions of heal wounds {@q2}
 o - a potion of invisibility
 A - 2 potions of berserk rage
 B - 6 potions of haste {@q3}
 M - 6 potions of attraction {!q}
 N - 8 potions of mutation {!q}
 R - 10 potions of lignification {!q}
 X - 5 potions of resistance
Miscellaneous
 h - a tin of tremorstones (1/2)
   (You found it on level 9 of the Dungeon)
 G - a condenser vane
   (You found it on level 9 of the Dungeon)


   Skills:
 + Level 20.8(25.8) Fighting
 + Level 18.3(26.0) Axes
 - Level 17.5(25.7) Maces & Flails
 + Level 14.9(19.9) Ranged Weapons
 - Level 10.5(15.5) Throwing
 - Level 12.3(17.3) Armour
 - Level 8.0(13.0) Dodging
 + Level 10.3(15.3) Stealth
 - Level 16.0(21.0) Shields
 + Level 8.2 Spellcasting
 - Level 2.8 Summonings
 * Level 10.1 Necromancy
 - Level 11.0 Translocations
 + Level 12.4 Invocations
 - Level 10.1 Evocations


You had 21 spell levels left.
You knew the following spells:

 Your Spells              Type           Power      Damage    Failure   Level
a - Gell's Gravitas       Tloc           31%        N/A       3%          3
b - Teleport Other        Tloc           31%        N/A       3%          3
c - Apportation           Tloc           62%        N/A       1%          1
d - Dispel Undead         Necr           29%        3d13      14%         4
e - Agony                 Necr           29%        N/A       38%         5
v - Passage of Golubria   Tloc           31%        N/A       10%         4

Your spell library contained the following spells:

 Spells                   Type           Power      Damage    Failure   Level
 Necrotise                Necr           100%       1d9       1%          1
 Sublimation of Blood     Necr           29%        N/A       2%          2
 Portal Projectile        Hex/Tloc       36%        N/A       28%         3
 Beastly Appendage        Tmut           8%         N/A       67%         1
 Foxfire                  Conj/Fire      16%        2x1d4     67%         1
 Magic Dart               Conj           16%        1d3       67%         1
 Slow                     Hex            16%        N/A       67%         1
 Sting                    Tmut/Pois      16%        1d3       67%         1
 Iskenderun's Mystic Bla  Conj/Tloc      18%        2d6       67%         4
 Ensorcelled Hibernation  Hex/Ice        8%         N/A       80%         2
 Passwall                 Tmut/Erth      3%         N/A       80%         2
 Poisonous Vapours        Pois/Air       8%         N/A       80%         2
 Static Discharge         Conj/Air       4%         3-4/arc   80%         2
 Dispersal                Tloc           15%        N/A       83%         6
 Corpse Rot               Necr/Pois/Air  13%        N/A       92%         4
 Confusing Touch          Hex            4%         N/A       95%         3
 Conjure Flame            Conj/Fire      4%         6-21      95%         3
 Dazzling Flash           Conj/Hex       8%         N/A       95%         3
 Ignite Poison            Fire/Tmut/Pois 4%         N/A       95%         3
 Inner Flame              Hex/Fire       4%         N/A       95%         3
 Mephitic Cloud           Conj/Pois/Air  4%         N/A       95%         3
 Spider Form              Tmut/Pois      4%         N/A       95%         3
 Borgnjor's Vile Clutch   Necr/Erth      8%         N/A       97%         5
 Cause Fear               Hex            2%         N/A       100%        4
 Ice Form                 Ice/Tmut       4%         N/A       100%        4
 Leda's Liquefaction      Hex/Erth       2%         N/A       100%        4
 Petrify                  Tmut/Erth      4%         N/A       100%        4
 Sticky Flame             Conj/Fire      4%         2d3       100%        4
 Fireball                 Conj/Fire      2%         3d4       100%        5
 Freezing Cloud           Conj/Ice/Air   2%         6-21      100%        5
 Irradiate                Conj/Tmut      2%         3d12      100%        5
 Iskenderun's Battlesphe  Conj           4%         2d6       100%        5
 Silence                  Hex/Air        2%         N/A       100%        5
 Conjure Ball Lightning   Conj/Air       2%         3x3d6     100%        6
 Iron Shot                Conj/Erth      2%         9d2       100%        6
 Starburst                Conj/Fire      2%         6d3       100%        6
 Orb of Destruction       Conj           2%         9d5       100%        7
 Ozocubu's Refrigeration  Ice            2%         4d7       100%        7
 Storm Form               Tmut/Air       2%         N/A       100%        7
 Borgnjor's Revivificati  Necr           14%        N/A       100%        8
 Discord                  Hex            2%         N/A       100%        8
 Disjunction              Tloc           15%        N/A       100%        8
 Necromutation            Tmut/Necr      8%         N/A       100%        8
 Polar Vortex             Ice            2%         N/A       100%        9
 Shatter                  Erth           2%         3d6*      100%        9
 Animate Dead             Necr           Unusable   N/A       N/A         4
 Summon Small Mammal      Summ           Unusable   N/A       N/A         1
 Call Imp                 Summ           Unusable   N/A       N/A         2
 Call Canine Familiar     Summ           Unusable   N/A       N/A         3
 Summon Guardian Golem    Hex/Summ       Unusable   N/A       N/A         3
 Simulacrum               Ice/Necr       Unusable   N/A       N/A         6
 Haunt                    Necr/Summ      Unusable   N/A       N/A         7
 Monstrous Menagerie      Summ           Unusable   N/A       N/A         7
 Spellforged Servitor     Conj/Summ      Unusable   N/A       N/A         7

Dungeon Overview and Level Annotations

Branches:
Dungeon (15/15)            Temple (0/1) D:4            Lair (5/5) D:8
  Swamp (4/4) Lair:3       Spider (4/4) Lair:2        Slime (0/5) Lair:4
    Orc (2/2) D:9             Elf (3/3) Orc:2        Vaults (4/5) D:13
  Crypt (3/3) Vaults:3       Tomb (1/3) Crypt:3      Depths (2/4) D:15
   Hell (visited)             Dis (0/7) Hell            Geh (0/7) Hell
    Coc (0/7) Hell            Tar (0/7) Hell

Altars:
Cheibriados
Dithmenos
Elyvilon
Fedhas
Kikubaaqudgha
Okawaru
Sif Muna
Trog
Uskayaw
Vehumet
Wu Jian
Xom
Yredelemnul
The Shining One
Jiyva

Shops:
D:6 =   D:13 [   Orc:1 =   Orc:2 =*[(   Elf:3 *   Vaults:1 ?   Vaults:2 ?
Vaults:3 (   Depths:1 *

Portals:
Hell: Depths:1
Pandemonium: Depths:1
Trove: D:13 (give +6 demon trident)

Annotations:
Elf:2 2 runed translucent doors
Vaults:4 2 transporters, exclusion: orange crystal statue, Ygreuj's ghost, veteran DsFi; quaternion's ghost, veteran MiFi


Innate Abilities, Weirdness & Mutations

You have a pair of horns on your head.
You reflexively headbutt those who attack you in melee.
You have sharp toenails.
You are covered in fur. (AC +1)
You are weak. (Str -2)


Message History

Okawaru accepts your kill.
You catch the helpless smoke demon completely off-guard!
You slice the smoke demon!! You burn the smoke demon.
You kill the smoke demon!
Okawaru accepts your kill.
You feel very sick. You block the cacodemon's attack.
The cacodemon hits you but does no damage.
The floating eye gazes piercingly through you!
You suddenly lose the ability to move!
You feel sick.
The flying skull gives a hideous shriek!
The floating eye seems to glare at you.
The ancient zyme hits you but does no damage. x2
You feel ill. The tentacled starspawn bites you!
The tentacled starspawn barely misses you. x2
The tentacled starspawn tentacle-slaps you!
* * * LOW HITPOINT WARNING * * *
The large abomination is attracted toward you. x2
You feel sick.
The tentacled starspawn bites you but does no damage.
The tentacled starspawn tentacle-slaps you but does no damage.
Tentacles burst from the starspawn's body!
The floating eye gazes piercingly through you!
You shrug off the repeated paralysis!
The ancient zyme barely misses you. The ancient zyme hits you!
* * * LOW HITPOINT WARNING * * *
The large abomination is attracted toward you. 2 starspawn tentacles come into view.
You feel sick. The bone dragon bites you!
* * * LOW HITPOINT WARNING * * *
The bone dragon claws you.
* * * LOW HITPOINT WARNING * * *
The bone dragon tramples you!
* * * LOW HITPOINT WARNING * * *
You are shoved backwards!
The tentacled starspawn bites you!
* * * LOW HITPOINT WARNING * * *
The tentacled starspawn tentacle-slaps you but does no damage.
The large abomination hits you!!
* * * LOW HITPOINT WARNING * * *
The flying skull gives a hideous shriek!
The flying skull is attracted toward you.
You feel sick. The large abomination hits you!!
* * * LOW HITPOINT WARNING * * *
The bone dragon bites you.
* * * LOW HITPOINT WARNING * * *
The bone dragon claws you but does no damage.
The bone dragon tramples you but does no damage.
The tentacled starspawn bites you!
You die...

▓▓▓▓▓.▓▓▓▓▓
▓▓▓.........▓▓▓
▓.............▓▓
.#.#.......###.▓▓
...#.......#y#..▓
.......2...###..▓▓
.....X)X.........▓
[....z.D@........▓
"....X.X.........▓▓
|...§x.........∩..▓
)................▓▓
.................▓
.................▓
.###.......###..▓▓
.#G#.......#G#..▓
.......###.▓▓


You could see a bone dragon, a cacodemon, 2 tentacled starspawn, a ghost moth
(invisible, unable to see you), an eye of devastation, an ancient zyme (unable
to see you), 2 large abominations, a flying skull (wandering, unable to see you)
and a floating eye.

Vanquished Creatures
  A dread lich (Zig:6)
  4 ancient liches
  Sojobo (Arena)
  Saint Roka (Elf:3)
  Bai Suzhen (Vaults:3)
  the Lernaean hydra (Swamp:4)
  4 Killer Klowns (Zig:8)
  Geryon (Hell)
  A golden dragon (Depths:1)
  The ghost of drugrobin the Slayer, an adept DgFi (Depths:1)
  Nikola (Swamp:2)
  A profane servitor (Zig:6)
  Arachne (Spider:2)
  3 bone dragons
  3 liches
  2 deep elf blademasters (Elf:3)
  2 tentacled starspawn
  3 acid blobs (Depths:1)
  3 ancient champions
  2 deep elf master archers (Elf:3)
  9 sphinxes
  3 tengu reavers
  A rockslime (Depths:1)
  A shadow dragon (D:15)
  3 revenants
  An azure jelly (Depths:1)
  5 deep elf sorcerers
  4 fire giants
  6 emperor scorpions
  4 frost giants
  Aizul (Swamp:2)
  4 iron dragons
  A cacodemon (Hell)
  11 vault wardens
  A caustic shrike zombie (Hell)
  12 ghost moths
  3 orc warlords
  3 deep elf elementalists (Elf:3)
  A balrug (Zig:10)
  17 ironbound preservers
  3 quicksilver oozes (Depths:1)
  A curse skull (Zig:6)
  3 broodmothers
  7 ironbound thunderhulks
  6 ghouls
  3 reapers
  4 stone giants
  11 war gargoyles
  4 bennus (Tomb:1)
  22 very ugly things
  14 dire elephants
  7 vampire knights
  5 entropy weavers
  2 eleionomae
  A starcursed mass (Abyss:2)
  4 deep elf demonologists
  A lorocyproca (Zig:2)
  8 spark wasps
  6 deep elf annihilators
  5 bunyips
  3 blizzard demons
  Snorg (D:13)
  A mummy priest (Arena)
  3 jiangshi
  4 great orbs of eyes
  A merfolk impaler (Depths:2)
  3 eidola
  5 deep elf death magi (Elf:3)
  2 ettins
  A quicksilver dragon zombie (Crypt:3)
  3 deep elf high priests
  3 fire dragons
  7 crystal guardians
  A fenstrider witch zombie (Crypt:1)
  A kraken zombie (Hell)
  10 ice dragons
  4 hell beasts
  Josephine (Arena)
  10 yaktaur captains
  Harold (D:8)
  3 jorogumos (Spider:3)
  3 catoblepae
  Erolcha (Orc:2)
  2 rakshasas (Depths:1)
  6 peacekeepers
  A vault guard (Vaults:4)
  An ogre mage (D:11)
  8 boulder beetles
  3 radroaches
  3 spriggan air magi
  10 ironbound frosthearts
  A death knight (Crypt:2)
  Erica (D:8)
  24 hydras
  2 spriggan skeletons
  19 centaur warriors
  17 dancing weapons
  4 two-headed ogres
  18 death yaks
  2 deep troll earth magi
  A deep troll shaman (Depths:2)
  13 alligators
  4 tengu warriors
  2 vampire magi
  Urug (D:11)
  5 hell hogs
  23 spriggans
  3 orc high priests (Orc:2)
  9 sun demons
  A thrashing horror (Zig:10)
  2 spriggan berserkers
  6 soul eaters
  3 spectral death yaks (Lair:5)
  9 deep elf knights
  Sonja (D:13)
  14 hell knights
  Amaemon (D:9)
  45 skeletal warriors
  2 naga sharpshooters (Zig:7)
  2 fire crabs (shapeshifter)
  A titan skeleton (Tomb:1)
  3 sixfirhies
  2 wretched stars
  A shadow wraith (Crypt:2)
  3 pharaoh ants
  A death drake (Swamp:3)
  3 iron trolls
  2 sun moths
  A spark wasp zombie (D:15)
  A spectral anaconda (Lair:5)
  A bunyip zombie (Abyss:1)
  4 spriggan druids
  52 deep trolls
  13 swamp dragons
  A glowing orange brain (Depths:2)
  Lodul (D:11)
  7 steelbarb worms
  A quicksilver dragon simulacrum (Hell)
  6 goliath frogs
  An anaconda zombie (Crypt:3)
  A spriggan simulacrum (Hell)
  11 bog bodies
  An orange crystal statue (Vaults:2)
  3 flayed ghosts (Crypt:2)
  A deep troll (shapeshifter) (Vaults:4)
  An obsidian statue (Lair:5)
  6 wizards
  Pikel (D:7)
  8 deep elf archers
  9 orc knights
  7 phantasmal warriors
  10 orb spiders
  A shadow dragon zombie (Crypt:3)
  32 deep elf pyromancers
  A fenstrider witch simulacrum (Abyss:2)
  7 orc sorcerers
  17 wolf spiders
  19 ironbound convokers
  17 necromancers
  9 harpies (Vaults:1)
  3 lindwurms (Vaults:2)
  An iron dragon zombie (Crypt:3)
  24 deep elf zephyrmancers
  26 ugly things
  6 cyclopes
  4 moths of wrath
  2 will-o-the-wisps (Swamp:3)
  A worldbinder (Abyss:2)
  Joseph (D:7)
  A frost giant zombie (D:15)
  A salamander (shapeshifter) (D:15)
  2 ice statues (Hell)
  8 large abominations
  A black mamba (Lair:5)
  A stone giant skeleton (Crypt:1)
  2 manticores
  10 elephants
  18 vault sentinels
  2 centaur zombies (Crypt:3)
  A dire elephant zombie (Crypt:3)
  2 gargoyles
  2 apocalypse crabs (Zig:8)
  Maurice (D:11)
  An eye of devastation (Depths:1)
  3 molten gargoyles (Hell)
  A torpor snail (shapeshifter) (Zig:5)
  10 rust devils
  6 cane toads
  12 smoke demons
  5 orange demons
  5 torpor snails
  A naga skeleton (Crypt:3)
  Psyche (D:11)
  A dire elephant skeleton (Lair:5)
  3 kobold demonologists (D:11)
  An unseen horror (shapeshifter) (D:11)
  5 spriggan zombies
  A sea snake zombie (Hell)
  3 rime drakes
  A swamp worm zombie (Crypt:2)
  A hellion (Hell)
  An unseen horror (D:11)
  10 komodo dragons
  8 tengu conjurers
  2 efreet (D:14)
  31 yaktaurs
  9 demonic crawlers
  5 freezing wraiths
  A sea snake skeleton (Hell)
  2 ancient zymes
  3 alligator snapping turtle skeletons
  4 guardian mummies
  7 meliai
  2 red devils
  An unseen horror skeleton (Crypt:2)
  2 hydra zombies (Hell)
  A queen bee (Spider:1)
  5 trolls
  4 polar bears
  A yellow draconian skeleton (Crypt:1)
  A hornet (shapeshifter) (Elf:1)
  26 hornets
  Grinder (D:3)
  2 spectral guardian serpents (Crypt:1)
  9 tarantellas
  18 dream sheep
  A fire dragon zombie (Crypt:3)
  12 tyrant leeches
  13 blink frogs
  A jumping spider zombie (Crypt:2)
  3 hydra skeletons (Hell)
  62 slime creatures
  Prince Ribbit (D:7)
  A spectral elephant (Lair:5)
  A snapping turtle (shapeshifter) (Zig:5)
  A centaur simulacrum (D:14)
  An alligator skeleton (Hell)
  22 jumping spiders
  A ynoxinul (Abyss:2)
  14 water elementals
  45 flying skulls
  17 culicivoras
  43 yaks
  12 wraiths
  A shadow (D:11)
  9 golden eyes
  9 wyverns
  2 fire elementals
  32 redbacks
  3 basilisks
  3 neqoxecs
  12 vampire mosquitoes
  7 chaos spawn
  Grum (Lair:1)
  A minotaur simulacrum (Hell)
  A steam dragon (D:8)
  2 glowing shapeshifter zombies
  14 swamp worms
  A two-headed ogre zombie (Hell)
  2 acid dragons
  5 hell hounds
  A spectral cane toad (Lair:5)
  5 small abominations
  2 floating eyes
  5 wargs
  A demonspawn skeleton (Hell)
  8 water moccasins
  8 swamp drakes (Swamp:4)
  A meliai simulacrum (D:15)
  A black bear (D:6)
  A dream sheep zombie (Crypt:1)
  An ice beast (Vaults:1)
  12 ogres
  An elephant zombie (Lair:5)
  A swamp dragon zombie (Crypt:1)
  19 wolves
  An elephant skeleton (Lair:5)
  26 orc warriors
  An eye of devastation zombie (Crypt:1)
  4 boggarts (D:15)
  9 centaurs
  2 lemures
  A snapping turtle skeleton (Crypt:1)
  An elf simulacrum (Vaults:1)
  A swamp dragon skeleton (Crypt:1)
  A dream sheep skeleton (Crypt:2)
  A phantom (D:4)
  4 kobold brigands
  An earth elemental (Abyss:2)
  2 gnoll sergeants
  A scorpion (D:5)
  6 necrophages
  6 bullfrogs
  15 wights
  An elephant simulacrum (Lair:5)
  32 killer bees
  2 howler monkeys
  5 electric eels
  4 vampire bats (D:3)
  3 lava snakes (D:13)
  33 orc priests
  4 hounds
  6 jellies
  A gnoll bouda (Orc:2)
  A human skeleton (Crypt:2)
  3 iguanas
  20 orc wizards
  5 hell rats (Lair:2)
  A naga zombie (Crypt:1)
  7 mummies (Tomb:1)
  6 adders
  28 gnolls
  A river rat (shapeshifter) (Vaults:4)
  4 white imps
  An ufetubus (D:4)
  A worm (D:4)
  A dart slug (D:3)
  70 orcs
  A bat zombie (Crypt:1)
  13 endoplasms
  3 giant cockroaches
  10 goblins
  12 hobgoblins
  2 jackals (D:1)
  5 quokkas
  A ball python (D:3)
  9 bats
  4 frilled lizards
  19 kobolds
  5 rats
  A fungus (Swamp:4)
  A plant (D:9)
  A starspawn tentacle (Abyss:2)
  2 tentacles (Hell)
2025 creatures vanquished.

Vanquished Creatures (others)
  A sphinx (Tomb:1)
  A deep elf zephyrmancer (Elf:2)
  A deep elf pyromancer (Elf:1)
  A manticore (D:12)
  A bloated husk (Swamp:4)
  A tyrant leech (Swamp:4)
  6 foxfires (Swamp:3)
  32 fungi
  43 plants
  5 starspawn tentacles
  6 tentacles (Hell)
  22 withered plants
120 creatures vanquished.

Grand Total: 2145 creatures vanquished

Notes
Turn   | Place    | Note
-------+----------+-------------------------------------------
     0 | D:1      | Pooter the Minotaur Fighter began the quest for the Orb.
     0 | D:1      | Reached XP level 1. HP: 19/19 MP: 0/0
   370 | D:1      | Found a faded altar of an unknown god.
   517 | D:1      | Reached XP level 2. HP: 27/27 MP: 1/1
   854 | D:1      | Reached skill level 4 in Fighting
  1020 | D:2      | Reached XP level 3. HP: 23/33 MP: 2/2
  1796 | D:2      | Reached XP level 4. HP: 41/41 MP: 3/3
  2388 | D:3      | Reached skill level 1 in Ranged Weapons
  2437 | D:3      | Noticed Grinder
  2439 | D:3      | Paralysed by Grinder for 3 turns
  2450 | D:3      | Killed Grinder
  2451 | D:3      | Reached skill level 5 in Fighting
  2451 | D:3      | Reached skill level 5 in Axes
  2451 | D:3      | Reached XP level 5. HP: 40/48 MP: 4/4
  2451 | D:3      | Reached XP level 6. HP: 47/56 MP: 5/5
  3212 | D:3      | Reached XP level 7. HP: 58/61 MP: 6/6
  3469 | D:3      | Found the amulet of the Four Winds {rN+ Will+++ Clar}
  3891 | D:4      | Found an ancient bone altar of Kikubaaqudgha.
  3910 | D:4      | Found an iron altar of Okawaru.
  3912 | D:4      | Reached skill level 6 in Fighting
  3913 | D:4      | Reached skill level 5 in Ranged Weapons
  3990 | D:4      | Became a worshipper of Warmaster Okawaru
  4059 | D:4      | Found a staircase to the Ecumenical Temple.
  4373 | D:5      | Entered Level 5 of the Dungeon
  4829 | D:5      | Reached XP level 8. HP: 11/71 MP: 7/7
  5823 | D:6      | Found a shadowy altar of Dithmenos.
  5998 | D:6      | Reached * piety under Okawaru
  5999 | D:6      | Reached skill level 7 in Fighting
  6074 | D:6      | Noticed a manticore
  6086 | D:6      | Killed a manticore
  6087 | D:6      | Reached skill level 1 in Invocations
  6087 | D:6      | Reached skill level 1 in Evocations
  6099 | D:6      | Noticed a boulder beetle
  6118 | D:6      | Reached XP level 9. HP: 73/79 MP: 9/9
  6177 | D:6      | Killed a boulder beetle
  6513 | D:6      | Found a shimmering altar of Xom.
  6568 | D:6      | Found a glowing golden altar of the Shining One.
  6682 | D:6      | Found an ornate altar of the Wu Jian Council.
  6697 | D:6      | Found Numpenwa's Jewellery Emporium.
  6705 | D:6      | Found a snail-covered altar of Cheibriados.
  6795 | D:6      | Reached ** piety under Okawaru
  6865 | D:6      | Reached skill level 10 in Axes
  7446 | D:7      | Noticed Prince Ribbit
  7446 | D:7      | Noticed Joseph
  7465 | D:7      | Killed Prince Ribbit
  7498 | D:7      | Killed Joseph
  7499 | D:7      | Reached skill level 8 in Fighting
  7785 | D:7      | Noticed Pikel
  8200 | D:7      | Killed Pikel
  8201 | D:7      | Reached XP level 10. HP: 89/89 MP: 8/11
  8327 | D:7      | Reached *** piety under Okawaru
  8427 | D:8      | Found a staircase to the Lair.
  8474 | D:8      | Noticed Erica
  8482 | D:8      | Killed Erica
  9237 | D:8      | Reached **** piety under Okawaru
  9289 | D:8      | Found a bloodstained altar of Trog.
  9420 | D:9      | Reached skill level 9 in Fighting
  9420 | D:9      | Reached skill level 10 in Ranged Weapons
  9587 | D:6      | Bought the ring of Knowledge {+Blink rF+ rN+} for 451 gold
                  | pieces
  9668 | D:8      | Upgraded the game from 0.29-a0-994-gc5c9f59d18 to
                  | 0.29-a0-997-gf6f7e2dfe7
  9670 | D:9      | Noticed Harold
  9676 | D:9      | Found a radiant altar of Vehumet.
  9678 | D:9      | Noticed a two-headed ogre
  9685 | D:8      | Killed Harold
  9982 | D:9      | Killed a two-headed ogre
  9982 | D:9      | Received a gift from Okawaru
  9983 | D:9      | Reached XP level 11. HP: 97/97 MP: 11/13
 10096 | D:9      | Found a staircase to the Orcish Mines.
 10109 | Orc:1    | Entered Level 1 of the Orcish Mines
 10109 | Orc:1    | Found Naywn's Jewellery Shoppe.
 10124 | Orc:1    | Noticed an orc sorcerer
 10126 | Orc:1    | Noticed an orc sorcerer
 10144 | Orc:1    | Killed an orc sorcerer
 10145 | Orc:1    | Reached skill level 5 in Invocations
 10156 | Orc:1    | Killed an orc sorcerer
 10190 | Orc:1    | Reached skill level 1 in Throwing
 10426 | Orc:2    | Entered Level 2 of the Orcish Mines
 11060 | Orc:2    | Found a staircase to the Elven Halls.
 11441 | Orc:2    | Noticed Erolcha
 11643 | Orc:2    | Killed Erolcha
 11864 | Orc:2    | Noticed an orc high priest
 11876 | Orc:2    | Killed an orc high priest
 11877 | Orc:2    | Reached skill level 5 in Evocations
 12208 | Orc:2    | Noticed an orc high priest
 12383 | Orc:2    | Killed an orc high priest
 12409 | Orc:2    | Noticed an orc knight
 12423 | Orc:2    | Noticed an orc sorcerer
 12427 | Orc:2    | Noticed a soul eater
 12537 | Orc:2    | Noticed an orc knight
 12537 | Orc:2    | Noticed an orc knight
 12604 | Orc:1    | Killed an orc sorcerer
 12706 | Orc:2    | Killed an orc knight
 12712 | Orc:2    | Reached skill level 10 in Fighting
 12900 | Orc:2    | Killed an orc knight
 12957 | Orc:2    | Noticed an orc sorcerer
 13145 | Orc:2    | Noticed a sixfirhy
 13145 | Orc:2    | Killed an orc sorcerer
 13210 | Orc:2    | Noticed an orc high priest
 13223 | Orc:2    | Killed an orc high priest
 13224 | Orc:2    | Reached XP level 12. HP: 82/106 MP: 12/15
 13422 | Orc:2    | Reached ***** piety under Okawaru
 14543 | Orc:2    | Received a gift from Okawaru
 14559 | Orc:2    | Noticed an orc warlord
 15184 | Orc:2    | Killed an orc warlord
 15601 | Orc:2    | Found Huakkoj's Antique Armour Emporium.
 15602 | Orc:2    | Found Deapsyat's Antique Weapon Emporium.
 15604 | Orc:2    | Found Maifyuma's General Store.
 15604 | Orc:2    | Found Joneomm's Jewellery Shoppe.
 15886 | Lair:1   | Entered Level 1 of the Lair of Beasts
 16089 | Lair:1   | Noticed Grum
 16102 | Lair:1   | Killed Grum
 17336 | Orc:1    | Bought the amulet of Lace Fext {Reflect rElec SH+5 SInv}
                  | for 771 gold pieces
 17895 | Lair:2   | Noticed a death yak
 18396 | Lair:2   | Noticed a catoblepas
 18415 | Lair:2   | Killed a catoblepas
 18614 | Lair:2   | Received a gift from Okawaru
 18745 | Lair:2   | Noticed a death yak
 18756 | Lair:2   | Noticed a death yak
 18764 | Lair:2   | Killed a death yak
 18767 | Lair:2   | Killed a death yak
 19227 | Lair:2   | Noticed a death yak
 19231 | Lair:2   | Noticed a death yak
 19237 | Lair:2   | Killed a death yak
 19237 | Lair:2   | Noticed a death yak
 19238 | Lair:2   | Noticed a death yak
 19245 | Lair:2   | Killed a death yak
 19246 | Lair:2   | Reached skill level 11 in Fighting
 19250 | Lair:2   | Killed a death yak
 19251 | Lair:2   | Reached XP level 13. HP: 85/116 MP: 10/17
 19264 | Lair:2   | Reached skill level 5 in Throwing
 19886 | Lair:2   | Found a hole to the Spider Nest.
 20425 | Lair:3   | Reached skill level 15 in Axes
 20427 | Lair:3   | Received a gift from Okawaru
 20621 | Orc:2    | Bought a wand of paralysis (2) for 72 gold pieces
 20695 | D:9      | Noticed Amaemon
 20911 | D:9      | Killed Amaemon
 21713 | D:10     | Entered Level 10 of the Dungeon
 21897 | D:10     | Identified the +9 dagger of Dithmenos, Usurping {vamp, Fly
                  | rPois Dex-4}
 23115 | Lair:3   | Received a gift from Okawaru
 23605 | Lair:3   | Found a staircase to the Swamp.
 23615 | Lair:3   | Found a shimmering blue altar of Sif Muna.
 24544 | Lair:4   | Found a runed translucent door.
 24544 | Lair:4   | Found a viscous altar of Jiyva.
 24544 | Lair:4   | Found a staircase to the Slime Pits.
 24822 | Lair:4   | Received a gift from Okawaru
 25593 | Lair:4   | Reached skill level 1 in Dodging
 25602 | Lair:4   | Reached skill level 1 in Stealth
 25766 | Lair:5   | Entered Level 5 of the Lair of Beasts
 25779 | Lair:5   | Received a gift from Okawaru
 25950 | Lair:4   | Reached skill level 12 in Fighting
 25950 | Lair:4   | Reached skill level 1 in Maces & Flails
 26009 | Lair:4   | Reached XP level 14. HP: 59/126 MP: 17/19
 26250 | Lair:5   | Received a gift from Okawaru
 27521 | Lair:5   | Reached skill level 5 in Shields
 27596 | Lair:4   | Received a gift from Okawaru
 29553 | Lair:5   | Reached skill level 5 in Maces & Flails
 29948 | D:11     | Noticed Maurice
 29957 | D:11     | Killed Maurice
 30096 | Orc:2    | Bought a ring of flight for 280 gold pieces
 30217 | D:11     | Noticed Urug
 30228 | D:11     | Killed Urug
 30384 | D:11     | Noticed Josephine
 30388 | Arena    | Entered the Arena
 30395 | Arena    | Killed Josephine
 30412 | D:11     | Reached skill level 5 in Dodging
 30412 | D:11     | Reached XP level 15. HP: 53/134 MP: 18/21
 30414 | D:11     | Reached skill level 13 in Fighting
 30787 | D:11     | Identified the +1 robe of the Delicate God {Will+ Str+6
                  | Dex+3}
 30995 | D:11     | Noticed Lodul
 31004 | D:11     | Killed Lodul
 31442 | D:11     | Got Sif Muna's Secrets of Intimidation
 31453 | D:11     | Got the Directory of the Traveller and Stones
 31523 | D:11     | Found a shimmering blue altar of Sif Muna.
 31536 | D:11     | Identified the +6 broad axe of Karma {vorpal, *Noise rElec
                  | rC- Dex+8} (Okawaru gifted it to you on level 11 of the
                  | Dungeon)
 31536 | D:11     | Received a gift from Okawaru
 31554 | D:11     | Found the +2 ratskin cloak {*Rats rPois rN+ Str-1 Int-1
                  | Dex+1}
 31806 | D:11     | Found the amulet of Elemental Vulnerability {rPois rF--
                  | rC-- AC+8}
 32115 | D:11     | Got the Volume of Frigid Leadership
 32117 | D:11     | Got the Omnibus of the Displaced Oath
 32138 | D:11     | Got the Discursus on Wintry Combustion
 32140 | D:11     | Got the Anthology of Evolution
 32234 | D:11     | Upgraded the game from 0.29-a0-997-gf6f7e2dfe7 to
                  | 0.29-a0-998-g1987434951
 32246 | D:12     | Noticed Psyche
 32272 | D:11     | Killed Psyche
 33136 | D:12     | Received a gift from Okawaru
 33565 | D:13     | Reached skill level 5 in Stealth
 33924 | D:13     | Noticed Sonja
 33930 | Abyss:1  | Cast into level 1 of the Abyss (Sonja)
 34044 | Abyss:1  | Gained mutation: You are strong-willed. (Will+) [a neqoxec]
 34048 | Abyss:1  | Gained mutation: You occasionally lose the ability to drink
                  | potions when taking damage. [a neqoxec]
 34178 | Abyss:1  | Found a corrupted altar of Lugonu.
 34184 | Abyss:1  | Found a corrupted altar of Lugonu.
 34184 | Abyss:1  | Found a corrupted altar of Lugonu.
 34185 | Abyss:1  | Noticed an ancient lich
 34193 | Abyss:1  | Noticed a tentacled starspawn
 34202 | Abyss:1  | Killed a tentacled starspawn
 34253 | Abyss:1  | Reached skill level 10 in Invocations
 34937 | Abyss:2  | Found a corrupted altar of Lugonu.
 35025 | Abyss:2  | Noticed a tentacled starspawn
 35033 | Abyss:2  | Killed a tentacled starspawn
 35056 | Abyss:2  | Noticed an ancient lich
 35058 | Abyss:2  | Received a gift from Okawaru
 35073 | Abyss:2  | Killed an ancient lich
 35283 | Abyss:2  | Received a gift from Okawaru
 35328 | Abyss:2  | Reached XP level 16. HP: 91/145 MP: 18/22
 35379 | Abyss:2  | Received a gift from Okawaru
 35382 | D:13     | Escaped the Abyss
 35383 | D:13     | Killed Sonja
 35581 | D:13     | Found Ganuy's Armour Emporium.
 35589 | D:13     | Bought a +2 pair of gloves of strength for 387 gold pieces
 35765 | D:13     | Received a gift from Okawaru
 35772 | D:13     | Found a gate to the Vaults.
 35784 | D:13     | Noticed Snorg
 35792 | D:13     | Killed Snorg
 36004 | D:13     | Received a gift from Okawaru
 36014 | D:13     | Found a portal to a secret trove of treasure.
 36060 | D:13     | Reached skill level 5 in Armour
 36950 | D:14     | Reached skill level 14 in Fighting
 37506 | D:14     | Identified the ring "Ganut" {+Blink rF+ Str+6 Dex+3 Slay+3}
 37572 | D:14     | Received a gift from Okawaru
 37797 | D:14     | Received a gift from Okawaru
 37965 | D:14     | Found a hide-covered altar of Uskayaw.
 38158 | D:14     | Lost mutation: You occasionally lose the ability to drink
                  | potions when taking damage. [potion of mutation]
 38158 | D:14     | Lost mutation: You are strong-willed. (Will+) [potion of
                  | mutation]
 38158 | D:14     | Gained mutation: You have hidden genetic potential. [potion
                  | of mutation]
 38159 | D:14     | Lost mutation: You have hidden genetic potential. [potion
                  | of mutation]
 38159 | D:14     | Gained mutation: You have sharp toenails. [potion of
                  | mutation]
 38159 | D:14     | Gained mutation: You are weak. (Str -2) [potion of
                  | mutation]
 38159 | D:14     | Gained mutation: You are covered in fur. (AC +1) [potion of
                  | mutation]
 38177 | D:15     | Entered Level 15 of the Dungeon
 38209 | D:15     | Reached skill level 10 in Evocations
 39231 | D:15     | Found a staircase to the Depths.
 39566 | D:15     | Noticed a shadow dragon
 39581 | D:15     | Killed a shadow dragon
 39619 | D:15     | Identified the +1 chain mail of Scuffed Surprise {Int+4
                  | Dex+3}
 39624 | D:15     | Noticed a sphinx
 39628 | D:15     | Killed a sphinx
 39629 | D:15     | Reached skill level 1 in Translocations
 39635 | D:15     | Reached skill level 1 in Spellcasting
 39868 | D:15     | Learned a level 1 spell: Apportation
 40072 | D:15     | Received a gift from Okawaru
 41808 | Elf:1    | Entered Level 1 of the Elven Halls
 41808 | Elf:1    | Found a runed translucent gate.
 41808 | Elf:1    | Found a runed translucent gate.
 41808 | Elf:1    | Found a runed translucent gate.
 41808 | Elf:1    | Found a runed translucent gate.
 41808 | Elf:1    | Found a runed translucent gate.
 41808 | Elf:1    | Found a runed translucent gate.
 41809 | Elf:1    | Found a runed translucent door.
 41869 | Elf:1    | Found a runed translucent door.
 41877 | Elf:1    | Received a gift from Okawaru
 42668 | Elf:1    | Reached XP level 17. HP: 151/154 MP: 24/24
 42953 | Elf:1    | Received a gift from Okawaru
 43026 | Elf:1    | Reached skill level 15 in Fighting
 43037 | Elf:1    | Received a gift from Okawaru
 43415 | Elf:1    | Identified the +1 scale mail "Hietheak" {rCorr}
 43612 | Elf:2    | Identified the +7 rapier of Vioxkef {drain, Str+4}
 43944 | Elf:2    | Received a gift from Okawaru
 44051 | Elf:2    | Found a runed translucent door.
 44105 | Elf:2    | Found a runed translucent door.
 44455 | Elf:3    | Entered Level 3 of the Elven Halls
 44492 | Elf:3    | Found Tulapay's Assorted Antiques.
 45561 | Elf:3    | Noticed Saint Roka
 46843 | Elf:3    | Killed Saint Roka
 47220 | Elf:3    | Reached skill level 10 in Maces & Flails
 47233 | Elf:3    | Noticed a deep elf blademaster
 47234 | Elf:3    | Noticed a deep elf master archer
 47238 | Elf:3    | Killed a deep elf master archer
 47242 | Elf:3    | Killed a deep elf blademaster
 47267 | Elf:3    | Noticed a deep elf master archer
 47583 | Elf:3    | Killed a deep elf master archer
 47607 | Elf:3    | Identified the +2 scale mail of Purpose {Str+3} (Okawaru
                  | gifted it to you on level 3 of the Elven Halls)
 47607 | Elf:3    | Received a gift from Okawaru
 47766 | Elf:3    | Noticed a deep elf blademaster
 47782 | Elf:3    | Killed a deep elf blademaster
 47786 | Elf:3    | Identified the +10 great sword of Sexole {flame, Will+}
 47792 | Elf:3    | Identified the +7 falchion "Fedyepta" {speed, Will+ MP-9
                  | SInv}
 47792 | Elf:3    | Identified the +1 robe "Qaruodde" {rElec Int+2}
 47900 | Elf:3    | Identified the +8 dagger of Gluttony {speed, *Slow rF++
                  | Int+3}
 47915 | Elf:3    | Identified the +8 halberd "Biadghi" {venom, Will+ SInv}
 47925 | Elf:3    | Identified the +4 scale mail "Xozisk" {Str+4 SInv}
 47941 | Elf:3    | Identified the +4 barding of Reason {+Blink rC- rN+ Will+}
 48604 | Spider:1 | Entered Level 1 of the Spider Nest
 48990 | Spider:1 | Reached XP level 18. HP: 165/166 MP: 23/25
 49254 | Elf:3    | Bought a jet-encrusted plate armour for 1008 gold pieces
 49254 | Elf:3    | Identified the +1 plate armour "Cipyr" {rCorr} (You bought
                  | it in a shop on level 3 of the Elven Halls)
 51178 | Spider:2 | Reached skill level 10 in Armour
 51353 | Spider:2 | Noticed Arachne
 51367 | Spider:2 | Killed Arachne
 51442 | Spider:2 | Reached skill level 16 in Fighting
 51860 | Spider:2 | Reached skill level 10 in Shields
 53625 | Spider:4 | Entered Level 4 of the Spider Nest
 53629 | Spider:4 | Reached skill level 5 in Translocations
 53629 | Spider:4 | Reached XP level 19. HP: 172/172 MP: 26/26
 53856 | Spider:4 | Identified the +3 leather armour of Fedhas, Brewing {Harm}
 54228 | Spider:4 | Reached skill level 5 in Spellcasting
 54318 | Spider:4 | Received a gift from Okawaru
 55687 | Spider:4 | Identified the +1 pair of boots "Helaxzua" {rF+}
 55703 | Spider:4 | Got a gossamer rune of Zot
 55806 | Spider:4 | Identified the +10 great mace of Gyutron {venom, rElec
                  | rPois Will+ MP-9} (Okawaru gifted it to you on level 4 of
                  | the Spider Nest)
 55806 | Spider:4 | Received a gift from Okawaru
 56208 | Swamp:1  | Entered Level 1 of the Swamp
 56487 | Swamp:1  | Reached XP level 20. HP: 125/182 MP: 27/27
 57122 | Swamp:2  | Noticed Aizul
 57142 | Swamp:2  | Killed Aizul
 57528 | Swamp:2  | Identified the +5 tower shield "Keacwifef" {rF- rCorr
                  | Int+7} (Okawaru gifted it to you on level 2 of the Swamp)
 57528 | Swamp:2  | Received a gift from Okawaru
 57551 | Swamp:2  | Noticed Nikola
 57566 | Swamp:2  | Killed Nikola
 57746 | Swamp:2  | Found an iron altar of Okawaru.
 58896 | Swamp:4  | Entered Level 4 of the Swamp
 59567 | Swamp:4  | Identified the +1 pair of boots of Gaor {Harm Regen+ Str-5
                  | Dex+6}
 59587 | Swamp:4  | Noticed the 27-headed Lernaean hydra
 59602 | Swamp:4  | Killed the 26-headed Lernaean hydra
 59603 | Swamp:4  | Reached skill level 17 in Fighting
 59881 | Swamp:4  | Got a decaying rune of Zot
 60429 | Vaults:1 | Entered Level 1 of the Vaults
 60440 | Vaults:1 | Received a gift from Okawaru
 60637 | Vaults:1 | Reached skill level 15 in Maces & Flails
 60679 | Vaults:1 | Identified the +2 arbalest of Xac Hoet {elec, rC+++ Int+4
                  | Dex-4}
 61110 | Vaults:1 | Received a gift from Okawaru
 61190 | Vaults:1 | Reached XP level 21. HP: 140/191 MP: 26/29
 61353 | Vaults:1 | Upgraded the game from 0.29-a0-998-g1987434951 to
                  | 0.29-a0-1006-g0dd7720b37
 61369 | Vaults:1 | Received a gift from Okawaru
 61527 | Vaults:1 | Received a gift from Okawaru
 61596 | Vaults:1 | Found Ygriha's Magic Scroll Shop.
 62143 | Vaults:1 | Identified the +0 hat of Parts Unknown {Rampage rElec
                  | Regen+} (Okawaru gifted it to you on level 1 of the Vaults)
 62143 | Vaults:1 | Received a gift from Okawaru
 62457 | Vaults:2 | Found Pikkasat's Magic Scroll Boutique.
 62584 | Vaults:2 | Bought a scroll of enchant weapon for 135 gold pieces
 62584 | Vaults:2 | Bought a scroll of enchant weapon for 135 gold pieces
 62584 | Vaults:2 | Bought a scroll of immolation for 72 gold pieces
 62584 | Vaults:2 | Bought a scroll of poison for 72 gold pieces
 63487 | Vaults:3 | Noticed Bai Suzhen
 63494 | Vaults:3 | Killed Bai Suzhen
 63698 | Vaults:3 | Found a staircase to the Crypt.
 63716 | Crypt:1  | Entered Level 1 of the Crypt
 63739 | Crypt:1  | Reached skill level 10 in Throwing
 64054 | Crypt:1  | Reached skill level 18 in Fighting
 64292 | Crypt:1  | Received a gift from Okawaru
 64481 | Crypt:2  | Noticed Sojobo
 64483 | Arena    | Entered the Arena
 64489 | Arena    | Killed Sojobo
 64516 | Crypt:2  | Received a gift from Okawaru
 64838 | Crypt:2  | Received a gift from Okawaru
 64847 | Crypt:2  | Reached XP level 22. HP: 138/202 MP: 32/32
 64998 | Crypt:2  | Identified the +6 glaive "Xyutzius" {flame, Str+2}
 65218 | Crypt:3  | Entered Level 3 of the Crypt
 65236 | Crypt:3  | Received a gift from Okawaru
 65252 | Crypt:3  | Learned a level 3 spell: Gell's Gravitas
 65256 | Crypt:3  | Learned a level 3 spell: Teleport Other
 65261 | Crypt:3  | Learned a level 4 spell: Dispel Undead
 65267 | Crypt:3  | Learned a level 5 spell: Agony
 65412 | Crypt:3  | Reached skill level 1 in Necromancy
 65798 | Crypt:3  | Received a gift from Okawaru
 66180 | Crypt:3  | Found a basalt altar of Yredelemnul.
 66181 | Crypt:3  | Noticed an ancient lich
 66182 | Arena    | Entered the Arena
 66192 | Arena    | Killed an ancient lich
 66270 | Crypt:3  | Got the Textbook on Black Magic
 66511 | Crypt:3  | Found a staircase to the Tomb.
 66534 | Tomb:1   | Entered Level 1 of the Tomb of the Ancients
 66644 | Arena    | Entered the Arena
 66743 | Tomb:1   | Received a gift from Okawaru
 66777 | Tomb:1   | Received a gift from Okawaru
 67837 | Vaults:3 | Received a gift from Okawaru
 67841 | Vaults:3 | Reached skill level 19 in Fighting
 67842 | Vaults:3 | Reached skill level 5 in Necromancy
 67845 | Vaults:3 | Received a gift from Okawaru
 67902 | Vaults:3 | Found Bempuh's Weapon Emporium.
 68188 | Vaults:3 | Received a gift from Okawaru
 68485 | Vaults:4 | Identified the +3 chain mail "Guritiss" {*Corrode rPois
                  | Str+4 Int+3} (Okawaru gifted it to you on level 4 of the
                  | Vaults)
 68485 | Vaults:4 | Received a gift from Okawaru
 68701 | Vaults:4 | Reached XP level 23. HP: 194/213 MP: 33/33
 68816 | Vaults:4 | Reached skill level 15 in Shields
 69097 | Vaults:4 | Noticed Ygreuj's ghost (veteran DsFi)
 69115 | Vaults:4 | Noticed quaternion's ghost (veteran MiFi)
 69118 | Vaults:4 | Found a transporter.
 69123 | Vaults:4 | Found a transporter.
 69695 | Depths:1 | Entered Level 1 of the Depths
 69940 | Depths:1 | Found Ahiosof's Demolitions Depot.
 69967 | Depths:1 | Found a runed translucent gate.
 69967 | Depths:1 | Found a runed translucent gate.
 69967 | Depths:1 | Found a runed translucent gate.
 69969 | Depths:1 | Noticed drugrobin's ghost (adept DgFi)
 70019 | Depths:1 | Found a viscous altar of Jiyva.
 70030 | Depths:1 | Received a gift from Okawaru
 70087 | Depths:1 | Identified the +1 scale mail of Immorality {-Tele rC+
                  | Will++ Regen+}
 70175 | Depths:1 | Found a gateway to Hell.
 70311 | Hell     | Entered the Vestibule of Hell
 70316 | Hell     | Noticed Geryon
 70505 | Depths:1 | Reached skill level 20 in Fighting
 70579 | Hell     | Reached skill level 10 in Translocations
 70581 | Hell     | Identified the +2 hat of Tumatul {Rampage rElec Stlth+}
                  | (Okawaru gifted it to you in the Vestibule of Hell)
 70581 | Hell     | Received a gift from Okawaru
 70919 | Hell     | Killed Geryon
 71081 | Hell     | Found a gateway to the freezing wastes of Cocytus.
 71213 | Hell     | Found a gateway to the decaying netherworld of Tartarus.
 71216 | Hell     | Reached XP level 24. HP: 220/221 MP: 33/33
 71326 | Hell     | Found a gateway to the ashen valley of Gehenna.
 71387 | Hell     | Found a gateway to the Iron City of Dis.
 71627 | Depths:1 | Found a one-way gate leading to the halls of Pandemonium.
 71774 | Depths:1 | Found a blossoming altar of Fedhas.
 72141 | Depths:1 | Killed drugrobin's ghost
 72185 | Depths:1 | Reached XP level 25. HP: 233/233 MP: 33/33
 72260 | Depths:2 | Paralysed by a floating eye for 2 turns
 72268 | Depths:2 | Paralysed by a floating eye for 4 turns
 72276 | Depths:1 | Received a gift from Okawaru
 72679 | Depths:2 | Found a white marble altar of Elyvilon.
 72787 | Depths:2 | Found a one-way gateway to a ziggurat.
 72803 | Zig:1    | Entered Level 1 of a ziggurat
 72817 | Zig:2    | Entered Level 2 of a ziggurat
 72819 | Zig:2    | Received a gift from Okawaru
 72837 | Zig:3    | Entered Level 3 of a ziggurat
 72897 | Zig:3    | Identified the ring "Otzu" {Wiz Str+6}
 72901 | Zig:4    | Entered Level 4 of a ziggurat
 72941 | Zig:4    | Got the Anthology of Reformation and Heat
 72942 | Zig:4    | Identified the +5 mace "Zifej" {drain, rC+ Str+4}
 72947 | Zig:5    | Entered Level 5 of a ziggurat
 72949 | Zig:5    | Noticed an ancient lich
 72952 | Zig:5    | Killed an ancient lich
 72964 | Zig:5    | Identified the +3 plate armour of Calculation {rPois}
 72971 | Zig:5    | Identified the +8 rapier "Jevaum" {pain, rPois Will++ Int-5
                  | SInv}
 72975 | Zig:6    | Entered Level 6 of a ziggurat
 72980 | Zig:6    | Noticed a dread lich
 72982 | Zig:6    | Noticed an ancient lich
 72987 | Zig:6    | Killed a dread lich
 72989 | Zig:6    | Killed an ancient lich
 73027 | Zig:6    | Identified the -1 pair of gloves "Uweiz" {Str+2}
 73039 | Zig:7    | Entered Level 7 of a ziggurat
 73082 | Zig:7    | Identified the +6 glaive "Mintegua" {vorpal, Will+ rCorr
                  | Int+8}
 73117 | Zig:8    | Entered Level 8 of a ziggurat
 73121 | Zig:8    | Noticed a Killer Klown
 73122 | Zig:8    | Noticed a Killer Klown
 73123 | Zig:8    | Noticed a Killer Klown
 73125 | Zig:8    | Noticed a Killer Klown
 73126 | Zig:8    | Killed a Killer Klown
 73134 | Zig:8    | Killed a Killer Klown
 73143 | Zig:8    | Killed a Killer Klown
 73145 | Zig:8    | Killed a Killer Klown
 73199 | Zig:9    | Entered Level 9 of a ziggurat
 73217 | Zig:9    | Reached skill level 10 in Necromancy
 73381 | Zig:9    | Identified the +11 shortbow "Tychin" {freeze, rN+ SInv}
 73387 | Zig:9    | Reached skill level 10 in Stealth
 73387 | Zig:9    | Reached XP level 26. HP: 242/242 MP: 34/34
 73414 | Zig:9    | Learned a level 4 spell: Passage of Golubria
 73416 | Zig:10   | Entered Level 10 of a ziggurat
 73434 | Zig:10   | Paralysed by a floating eye for 4 turns
 73438 | Zig:10   | HP: 11/242 [large abomination (21)]
 73438 | Zig:10   | Slain by a tentacled starspawn

Illustrated notes

Levels and vault maps discovered:
D:1:      amcnicky_arrival_double_pillar, layout_basic,
          ebering_ecumenical_altar_box, minivault_25, chequers_garden,
          chequers_arboretum
D:2:      layout_loops_corners
D:3:      layout_basic, hangedman_decor_push, st_stairs_12, roderic_batcave,
          uniq_grinder
D:4:      layout_basic, mainiacjoe_overflow_small_starburst,
          okawaru_ov_weapons_minmay, minmay_temple_entry_trees,
          amcnicky_mini_corridor_feature
D:5:      layout_rooms
D:6:      layout_loops_cross, mainiacjoe_overflow_surrounded_room,
          mainiacjoe_overflow_paths, brannock_xom_greatest_gift,
          cheibriados_altar_1, nicolae_dithmenos_shadow_blocks, serial_shops,
          shop, kb_rosetta
D:7:      layout_cave_pods, uniq_joseph, uniq_pikel, uniq_prince_ribbit1
D:8:      layout_rooms, lightli_temple_of_fire, erik_lair_orcish_takeover,
          st_stairs_5, uniq_erica
D:9:      minmay_weird_star, layout_rooms, vehumet_altar_wand_db,
          grunt_ministairs_3, st_stairs_4, nicolae_lava_and_water, uniq_harold,
          uniq_amaemon
D:10:     layout_stronghold
D:11:     evilmike_library_of_no_secrets, layout_gridville, minivault_5,
          uniq_maurice, uniq_josephine, uniq_lodul, uniq_urug
D:12:     layout_cave_pools, serial_bayou, serial_bayou_crossing,
          serial_bayou_shore_a, serial_bayou_lake_a, serial_bayou_pond_b,
          uniq_psyche
D:13:     layout_long_grid, erik_vaults_1, serial_shops, nicolae_shop_crystal,
          nicolae_trove_entry_diagonal, kennysheep_small_spiral, uniq_snorg,
          uniq_sonja
D:14:     cheibrodos_breeding_chamber, layout_cave_pods, nicolae_two_hexagons,
          dancing_weapons_uskayaw
D:15:     gammafunk_depths_entry_grave, layout_gridville, minmay_misc_feat_tiny,
          minmay_diamond_spiral
Lair:1:   layout_small_grid, ldierk_geyser, beast_lair_carwin_10, uniq_grum
Lair:2:   layout_cellular_growth, nicolae_spider_entry_orb_guardian,
          infiniplex_staircase_pool
Lair:3:   layout_roguey, swamp_mist, basic_altar, serial_bayou_shore_b
Lair:4:   layout_long_grid, slime_entry_2, beast_lair_carwin_5
Lair:5:   due_jungle_book, layout_gridlike, grunt_megastairs_4
Swamp:1:  layout_basic_swamp, nicolae_swamp_little_tower, swamp_pool4
Swamp:2:  layout_falls_marsh, nicolae_swamp_godswood, uniq_nikola, uniq_aizul
Swamp:3:  layout_basic_swamp, evilmike_swamp_ruin_house_5
Swamp:4:  grunt_swamp_rune_castle, layout_basic_swamp, swamp_pool1,
          water_boxes_lemuel
Spider:1: layout_cave_pods, special_room [special_room_bee],
          nicolae_spider_not_touching_you
Spider:2: layout_chambers, uniq_arachne
Spider:3: layout_spider_delve, nicolae_spider_eight_legs
Spider:4: spider_rune_water, drop_trap
Orc:1:    layout_caves, serial_shops, nicolae_shop_waterfront
Orc:2:    st_orc_congregation, layout_diamond_mine, uniq_erolcha
Elf:1:    nicolae_elf_arrival_dilemma, layout_geoelf_octagon,
          minmay_elf_demonology
Elf:2:    elven_hall_of_blades_hangedman_original
          [nicolae_blade_entry_splitting_headache], layout_loops_ring,
          solitary_fountain
Elf:3:    grunt_elf_hall_asides, layout_loops_corners, serial_shops,
          nicolae_shop_window_shopping, uniq_saint_roka
Vaults:1: nicolae_vaults_octagons, v_misc_9, ontoclasm_vaults_eye,
          vaults_mumra_hexcomb, nicolae_vaults_ninety_degrees, v_alt_pattern_4,
          vaults_room_grid, hangedman_vaults_hat,
          nicolae_vaults_yaktaur_gun_rack, vaults_dpeg_doors,
          nicolae_vaults_shelves_hall, grunt_vaults_hallway_short,
          vaults_room_pools, ontoclasm_vaults_misaligned, serial_ice_m,
          ontoclasm_vaults_shuriken, layout_vaults_omnibox, serial_shops,
          nicolae_shop_behind_doors
Vaults:2: ontoclasm_vaults_ring_small, v_misc_18, v_misc_15,
          nicolae_vaults_statue_guard, ontoclasm_vaults_loading_screen,
          v_misc_25, nicolae_vaults_little_squares_1, ontoclasm_vaults_gateway,
          grunt_vaults_funnel, ontoclasm_vaults_decontamination,
          nicolae_vaults_mini_display_case, layout_vaults_big_room,
          serial_shops, shop
Vaults:3: minmay_crypt_entry_nasty_monster, ontoclasm_vaults_hangar,
          nicolae_vaults_little_squares_1, nicolae_vaults_specimen_jars,
          vaults_room_pool, nicolae_vaults_little_squares_4,
          ontoclasm_vaults_ligature, vaults_dpeg_cross, grunt_vaults_swirl,
          vaults_dpeg_diagonal, nicolae_vaults_three_branches,
          vaults_room_hallway, ontoclasm_vaults_twist, layout_vaults_omnicross,
          serial_shops, shop, uniq_bai_suzhen
Vaults:4: nzn_ghost_randoct, v_misc_25, hangedman_vaults_cutoff, v_rooms_4,
          ontoclasm_vaults_claustrophobia, st_more_cells, hangedman_vaults_trim,
          v_misc_2, vaults_mumra_hex, nicolae_vaults_alarming,
          layout_vaults_maze
Crypt:1:  layout_chaotic_city, nrook_guardian_serpent_ordinary
Crypt:2:  layout_misc_corridors, uniq_sojobo
Crypt:3:  cryptofortress_bobbens
Tomb:1
Depths:1: layout_honeycomb, grunt_mini_vestibule, grunt_pan_entry_spiral,
          gammafunk_ghost_ooze, fedhas_altar_fruit_tree, hex_large,
          nicolae_blasting_shop, lemuel_old_faithful
Depths:2: kennysheep_snake, layout_basic, enter_ziggurat_e, hell_entry,
          elyvilon_altar_4, abyss_entry, rand_demon_pan_entry_7,
          infiniplex_staircase_spiral_double
Hell
Zig:10:   ziggurat_pillar_centre_c, ziggurat_pillar_centre_c,
          ziggurat_pillar_centre_c, ziggurat_pillar_centre_c

Skill      XL: |  1  2  3  4  5  6  7  8  9 10 11 12 13 14 15 16 17 18 19 20 21 22 23 24 25 |
---------------+----------------------------------------------------------------------------+-----
Axes           | 3 4 5 6 7 9 10 12 13 14 16 17 18 | 18.3
Fighting       | 4 5 6 7 8 9 10 11 12 13 14 15 16 17 18 19 20 | 20.8
Ranged Weapons | 3 4 5 7 9 10 11 13 14 | 14.9
Invocations    | 1 3 4 6 7 8 9 10 11 12 | 12.4
Evocations     | 1 3 4 5 6 7 8 9 10 | 10.1
Throwing       | 3 4 5 6 7 9 10 | 10.5
Dodging        | 1 5 6 7 8 |  8.0
Stealth        | 1 4 5 7 8 9 10 | 10.3
Shields        | 4 6 8 9 10 12 13 14 16 | 16.0
Maces & Flails | 1 5 7 11 12 13 15 17 | 17.5
Armour         | 4 7 9 10 11 12 | 12.3
Translocations | 1 4 5 6 7 9 10 11 | 11.0
Spellcasting   | 1 3 4 5 6 7 8 |  8.2
Summonings     | 2 |  2.8
Necromancy     | 6 8 9 10 | 10.1

Action                   |  1- 3 |  4- 6 |  7- 9 | 10-12 | 13-15 | 16-18 | 19-21 | 22-24 | 25-27 || total
-------------------------+-------+-------+-------+-------+-------+-------+-------+-------+-------++-------
Melee: War axe           |    60 |    75 |   175 |   375 |   494 |       |       |       |       ||  1179
       Headbutt          |     3 |    10 |    34 |    76 |   250 |   192 |   293 |   265 |    43 ||  1166
       Scimitar          |       |       |       |       |    33 |     6 |       |       |       ||    39
       Demon whip        |       |       |       |       |     6 |       |       |       |       ||     6
       Broad axe         |       |       |       |       |   360 |   534 |   932 |   802 |   146 ||  2774
       Kick              |       |       |       |       |       |   104 |       |       |       ||   104
       Morningstar       |       |       |       |       |       |   151 |    28 |       |       ||   179
 Fire: Sling             |    12 |    38 |    69 |   196 |   110 |   107 |    91 |       |     1 ||   624
Throw: Boomerang         |     2 |     3 |       |    46 |    34 |   106 |   142 |       |     2 ||   335
       Stone             |       |     1 |       |       |       |       |       |       |       ||     1
       Javelin           |       |       |    27 |    30 |    31 |   136 |   100 |   109 |    42 ||   475
       Dart              |       |       |       |     7 |    25 |    20 |     5 |       |       ||    57
 Cast: Apportation       |       |       |       |       |       |       |       |     1 |       ||     1
       Teleport Other    |       |       |       |       |       |       |       |     1 |       ||     1
       Gell's Gravitas   |       |       |       |       |       |       |       |     3 |       ||     3
Invok: Heroism           |       |       |     5 |    33 |    54 |    53 |    43 |    27 |    10 ||   225
       Finesse           |       |       |       |     3 |     8 |     4 |     6 |     5 |     3 ||    29
       Duel              |       |       |       |       |     1 |       |     1 |     2 |       ||     4
 Abil: Evoke Blink       |       |       |       |       |     1 |       |       |       |       ||     1
Evoke: Wand              |       |       |    12 |    21 |    37 |    16 |    26 |     8 |     3 ||   123
       Tin of tremorston |       |       |       |       |     3 |     2 |     2 |     5 |     2 ||    14
       Condenser vane    |       |       |       |       |     2 |     1 |     1 |     4 |     1 ||     9
       Phial of floods   |       |       |       |       |     1 |       |       |       |       ||     1
  Use: Scroll            |     1 |     3 |    12 |    14 |    15 |     8 |    11 |     3 |     4 ||    71
       Potion            |       |     1 |       |     4 |     8 |     4 |     1 |     5 |     3 ||    26
 Stab: Paralysed         |       |       |     5 |    13 |     7 |     3 |     5 |       |       ||    33
       Invisible         |       |       |     4 |     6 |     2 |       |     4 |       |     7 ||    23
       Petrifying        |       |       |       |       |     2 |       |       |       |       ||     2
       Distracted        |       |       |       |       |     1 |     1 |       |     1 |       ||     3
Armor: Scale mail        |    23 |     2 |       |       |       |       |       |       |       ||    25
       Ring mail         |       |    29 |    77 |    13 |       |       |       |       |       ||   119
       Chain mail        |       |       |       |    99 |       |       |       |       |       ||    99
       Plate armour      |       |       |       |    36 |   283 |   237 |   321 |   247 |    71 ||  1195
       Skin              |       |       |       |       |    17 |       |       |       |       ||    17
Dodge: Dodged            |    24 |    33 |   107 |   108 |   178 |   190 |   284 |   260 |    44 ||  1228
Block: Buckler           |    14 |    18 |    34 |   119 |    87 |       |       |       |       ||   272
       Reflection        |       |       |       |     4 |    17 |    15 |    59 |    21 |    27 ||   143
       Kite shield       |       |       |       |       |   418 |   260 |       |       |       ||   678
       Tower shield      |       |       |       |       |       |   427 |  1223 |  1044 |   187 ||  2881

Table legend: (Time is in decaauts)
 A = Elapsed time spent in this place.
 B = Non-inter-level travel time spent in this place.
 C = Inter-level travel time spent in this place.
 D = Time resting spent in this place.
 E = Time spent auto-exploring this place.
 F = Levels seen in this place.
 G = Mean time per level.
                   A        B        C        D        E       F      G
               +--------+--------+--------+--------+--------+-----+--------+
         Total |  73086 |  68865 |   4221 |  26038 |  28303 |  60 | 1218.1 |
       Dungeon |  23659 |  21822 |   1837 |   7049 |  11117 |  15 | 1577.3 |
          Lair |  11024 |  10298 |    726 |   4201 |   4529 |   5 | 2204.8 |
         Swamp |   4027 |   3915 |    112 |   1209 |   1575 |   4 | 1006.8 |
   Spider Nest |   7273 |   6899 |    374 |   2914 |   2705 |   4 | 1818.2 |
  Orcish Mines |   6194 |   5688 |    506 |   3854 |    613 |   2 | 3097.0 |
   Elven Halls |   6765 |   6502 |    263 |   3400 |   1722 |   3 | 2255.0 |
        Vaults |   5529 |   5280 |    249 |    748 |   3201 |   4 | 1382.2 |
         Crypt |   3030 |   2916 |    114 |    348 |   1688 |   3 | 1010.0 |
          Tomb |    427 |    426 |      1 |    122 |      0 |   1 |  427.0 |
        Depths |   2397 |   2384 |     13 |    987 |    689 |   2 | 1198.5 |
          Hell |    653 |    631 |     22 |     20 |    358 |   1 |  653.0 |
         Abyss |   1401 |   1401 |      0 |    922 |      0 |   2 |  700.5 |
      Ziggurat |    605 |    605 |      0 |    224 |     80 |  10 |   60.5 |
         Arena |     96 |     96 |      0 |     36 |     24 |   4 |   24.0 |
               +--------+--------+--------+--------+--------+-----+--------+

Top non-repeatable levels by time:
   Elf:3: 3654 daAuts
   Orc:2: 3164 daAuts
   Orc:1: 3030 daAuts
  Lair:4: 2828 daAuts
  Lair:5: 2703 daAuts
  Lair:2: 2598 daAuts
Spider:4: 2439 daAuts
    D:15: 2369 daAuts
    D:11: 2209 daAuts
Vaults:1: 2099 daAuts
Spider:2: 2086 daAuts
Depths:1: 2041 daAuts
     D:7: 1965 daAuts
     D:8: 1955 daAuts
     D:9: 1927 daAuts
